 Dungeon Crawl Stone Soup version 0.30-a0-1157-g2cc9ac7196 (webtiles) character file.

Game seed: 2812175463626717568

77 voltaire321 the Magician (level 4, -6/28 HPs)
             Began as an Octopode Hedge Wizard on Apr 24, 2023.
             Mangled by an orc
             ... wielding a +0 morningstar
              (10 damage)
             ... on level 3 of the Dungeon.
             The game lasted 00:04:48 (2336 turns).

voltaire321 the Magician (Octopode Hedge Wizard)    Turns: 2336, Time: 00:04:48

Health: -6/28      AC:  1    Str:  9    XL:     4   Next: 33%
Magic:  9/9        EV: 13    Int: 18    God:
Gold:   101        SH:  5    Dex: 11    Spells: 4/9 levels left

rFire   . . .        a - +0 dagger
rCold   . . .        (no shield)
rNeg    . . .        b - +0 hat
rPois   .            l - amulet of reflection
rElec   .            (no ring)
rCorr   .            (no ring)
SInv    .            (no ring)
Will    .....        (no ring)
Stlth   +++          (no ring)
HPRegen 0.24/turn    (no ring)
MPRegen 0.11/turn    (no ring)
                     (no ring)

%: reflection
@: no status effects
A: almost no armour, amphibious, 8 rings, camouflage 1, gelatinous body 1,
(nimble swimmer 1), tentacles
a: no special abilities


You were on level 3 of the Dungeon.
You visited 1 branch of the dungeon, and saw 3 of its levels.

You collected 101 gold pieces.

Inventory:

Hand Weapons
 a - a +0 dagger (weapon)
Missiles
 r - 2 curare-tipped darts
Armour
 b - a +0 hat (worn)
Jewellery
 l - an amulet of reflection (around mantle)
Scrolls
 e - 5 scrolls of identify {unknown}
 f - a scroll of fear {unknown}
 i - a scroll of poison {unknown}
 j - a scroll of amnesia {unknown}
 k - a scroll of immolation {unknown}
 n - a scroll of brand weapon {unknown}
 p - a scroll of enchant armour {unknown}
 q - 2 scrolls of enchant weapon {unknown}
Potions
 c - 2 potions of magic
 d - a potion of curing {unknown}
 g - a potion of heal wounds {unknown}
 h - a potion of might {unknown}
 m - a potion of haste {unknown}
 o - a potion of flight {unknown}


   Skills:
 + Level 1.1 Fighting
 + Level 2.4 Dodging
 - Level 2.6 Stealth
 + Level 3.3 Spellcasting
 + Level 1.7 Conjurations
 + Level 1.8 Summonings
 + Level 1.9 Translocations


You had 4 spell levels left.
You knew the following spells:

 Your Spells              Type           Power      Damage    Failure   Level
a - Magic Dart            Conj           36%        1d4       8%          1
b - Call Imp              Summ           18%        N/A       11%         2
c - Blink                 Tloc           18%        N/A       11%         2

Your spell library contained the following spells:

 Spells                   Type           Power      Damage    Failure   Level
 Slow                     Hex            12%        N/A       16%         1
 Cigotuvi's Dreadful Rot  Necr/Pois/Air  6%         N/A       24%         2
 Poisonous Vapours        Pois/Air       6%         N/A       24%         2
 Vhi's Electric Charge    Tloc/Air       12%        N/A       32%         3
 Mephitic Cloud           Conj/Pois/Air  5%         N/A       36%         3
 Inner Flame              Hex/Fire       3%         N/A       43%         3
 Arcjolt                  Conj/Air       3%         1d13      97%         5
 Freezing Cloud           Conj/Ice/Air   2%         6-21      98%         5
 Yara's Violent Unravell  Hex/Tmut       1%         3d3       99%         5
 Enfeeble                 Hex            1%         N/A       100%        7
 Maxwell's Capacitive Co  Air            1%         ∞         100%        8


Dungeon Overview and Level Annotations

Branches:
Dungeon (3/15)

Altars:
Fedhas
Vehumet


Innate Abilities, Weirdness & Mutations

You cannot wear most types of armour.
You are amphibious.
You can wear up to eight rings at the same time.
Your skin changes colour to match your surroundings (Stealth+).
Your rubbery body absorbs attacks. (AC +1, EV +1)
((You are camouflaged when in or above water. (Stealth+)))
You have tentacles for arms and can constrict up to eight enemies at once.


Message History

Ijyb hits you but does no damage. The hobgoblin barely misses you.
You barely miss the hobgoblin. You grab the hobgoblin.
You squeeze the hobgoblin, but do no damage.
The hobgoblin is lightly wounded.
You constrict Ijyb, but do no damage. You constrict the hobgoblin.
Your cerulean imp barely misses Ijyb.
The hobgoblin hits you. Ijyb misses you.
You hit Ijyb.
Ijyb is moderately wounded.
You constrict Ijyb. You constrict the hobgoblin.
Your cerulean imp hits Ijyb from afar with a -3 spear.
You block the hobgoblin's attack. Ijyb barely misses you.
You hit Ijyb but do no damage.
Ijyb is heavily wounded.
You constrict Ijyb. You constrict the hobgoblin.
Your cerulean imp hits Ijyb from afar with a -3 spear.
The hobgoblin closely misses you. Ijyb closely misses you.
You hit Ijyb but do no damage.
Ijyb is almost dead.
You constrict Ijyb. You constrict the hobgoblin.
You kill the hobgoblin!
Your cerulean imp barely misses Ijyb.
Ijyb misses you.
You hit Ijyb but do no damage.
Ijyb is almost dead.
You constrict Ijyb.
Your cerulean imp hits Ijyb from afar with a -3 spear.
Ijyb dies!
The orc hits you with a +0 morningstar!
* * * LOW HITPOINT WARNING * * *
Your Fighting skill increases to level 1!
You have reached level 4!
Your cerulean imp barely misses the orc.
Your cerulean imp hits the orc with a -3 spear.
Your cerulean imp hits the orc but does no damage.
Your cerulean imp misses the orc.
You barely miss the orc. You grab the orc.
The orc is lightly wounded.
You constrict the orc.
Your cerulean imp hits the orc from afar with a -3 spear.
The orc hits you with a +0 morningstar!
You die...

##### # #...# .#
####...# ..# #......#
...# #......# ....#
###......####......
#.'.......5.'......
#####.#....@o...)......
#.....###############..
#.###.# #....># ##....#
#.##.# #.##.# #.##.#
#.##.##


You could see an orc (ally target) and a friendly cerulean imp (summoned).

Vanquished Creatures
  2 worms (D:2)
  A dart slug (D:3)
  8 bats
  An endoplasm (D:1)
  2 giant cockroaches (D:1)
  A goblin (D:1)
  4 hobgoblins
  9 jackals
  A quokka (D:1)
  3 ball pythons
  2 frilled lizards
  A kobold (D:3)
  5 rats
40 creatures vanquished.

Vanquished Creatures (collateral kills)
  Ijyb (D:3)
  A jackal (D:3)
2 creatures vanquished.

Grand Total: 42 creatures vanquished

Notes
Turn   | Place    | Note
-------+----------+-------------------------------------------
     0 | D:1      | voltaire321 the Octopode Hedge Wizard began the quest for
                  | the Orb.
     0 | D:1      | Reached XP level 1. HP: 11/11 MP: 4/4
   238 | D:1      | Reached XP level 2. HP: 17/17 MP: 6/6
   611 | D:1      | Reached XP level 3. HP: 13/22 MP: 7/7
   766 | D:1      | Found a blossoming altar of Fedhas.
   889 | D:2      | Learned a level 2 spell: Call Imp
   892 | D:2      | Learned a level 2 spell: Blink
  2217 | D:3      | Found a radiant altar of Vehumet.
  2311 | D:3      | Noticed Ijyb
  2331 | D:3      | Killed Ijyb
  2332 | D:3      | Reached skill level 1 in Fighting
  2332 | D:3      | Reached XP level 4. HP: 2/28 MP: 9/9
  2336 | D:3      | Mangled by an orc

Illustrated notes

Levels and vault maps discovered:
D:1:      dpeg_arrival_lava_altar, layout_basic
D:2:      layout_basic
D:3:      layout_basic, kennysheep_vampire_church, vehumet_crystals,
          nicolae_ecumenical_snake_handling, uniq_ijyb

Skill      XL: |  1  2  3 |
---------------+----------+-----
Fighting       | 1 |  1.1
Dodging        | |  2.4
Stealth        | |  2.6
Spellcasting   | |  3.3
Conjurations   | |  1.7
Summonings     | |  1.8
Translocations | |  1.9

Action                     |  1- 3 |  4- 6 || total
---------------------------+-------+-------++-------
  Melee: Dagger            |    65 |     1 ||    66
         Constrict         |    16 |     1 ||    17
         Tentacles         |    12 |       ||    12
   Cast: Magic Dart        |    47 |       ||    47
         Call Imp          |     1 |       ||     1
   Stab: Sleeping          |    10 |       ||    10
         Distracted        |     1 |       ||     1
 Armour: Skin              |     6 |       ||     6
  Dodge: Dodged            |    42 |       ||    42
  Block: Other             |    15 |       ||    15

Table legend: (Time is in decaauts)
 A = Elapsed time spent in this place.
 B = Non-inter-level travel time spent in this place.
 C = Inter-level travel time spent in this place.
 D = Time resting spent in this place.
 E = Time spent auto-exploring this place.
 F = Levels seen in this place.
 G = Mean time per level.
                   A        B        C        D        E       F      G
               +--------+--------+--------+--------+--------+-----+--------+
         Total |   2335 |   2271 |     64 |    116 |   1816 |   3 |  778.3 |
       Dungeon |   2335 |   2271 |     64 |    116 |   1816 |   3 |  778.3 |
               +--------+--------+--------+--------+--------+-----+--------+

Top non-repeatable levels by time:
     D:2: 1293 daAuts
     D:1: 831 daAuts
     D:3: 210 daAuts
